 Dungeon Crawl Stone Soup version 0.28-a0-474-g535839065c (webtiles) character file.

Game seed: 9595766475669844327

5760 robertstho the Thaumaturge (level 11, -10/63 HPs)
             Began as a Djinni Fire Elementalist on Sept 15, 2021.
             Was an Elder of Hepliaklqana.
             Mangled by an orc warrior (24 damage)
             ... in a bailey.
             The game lasted 00:16:40 (10085 turns).

robertstho the Thaumaturge (DjFE)                  Turns: 10085, Time: 00:16:41

Health: -10/63     AC:  6    Str:  7    XL:     11   Next: 6%
Gold:   1448       EV: 12    Int: 20    God:    Hepliaklqana [****..] SH:  0 Dex: 14

rFire   + + +      SeeInvis .   t - +0 long sword
rCold   x x .      Faith    .   (no shield)
rNeg    . . .      Spirit   .   e - +0 troll leather armour
rPois   ∞          Reflect  .   g - +0 helmet
rElec   .          Harm     .   D - +0 cloak
rCorr   .          Rampage  .   (no gloves)
Will    +....                   (boots unavailable)
Stlth   ++........              (no amulet)
HPRegen 1.20/turn               d - ring of fire
MPRegen 0.00/turn               G - +4 ring of slaying

@: flying
A: reduced essence, sickness immunity, fire resistance 2, cold vulnerability 1,
float, innate caster, hp casting, extra vitality 1
a: Renounce Religion, Recall Ancestor, Ancestor Identity, Transference, Idealise


You were in a bailey.
You worshipped Hepliaklqana.
Hepliaklqana was greatly pleased with you.
You visited 1 branch of the dungeon, and saw 8 of its levels.
You also visited: Ossuary and Bailey.

You collected 1644 gold pieces.
You spent 196 gold pieces at shops.

Inventory:

Hand Weapons
 b - a +0 short sword
 t - a +0 long sword (weapon)
 x - the +0 dagger "Bumoos" {vamp, Fly rPois Int-5 Stlth+}
   (You bought it in a shop on level 7 of the Dungeon)

   It occasionally heals its wielder for a portion of the damage dealt when it
   wounds a living foe.
   Int:       It affects your intelligence (-5).
   rPois:     It protects you from poison.
   Fly:       It grants you flight.
   Stlth:     It makes you more stealthy.
Missiles
 y - 2 throwing nets
Armour
 e - a +0 troll leather armour (worn)
 g - a +0 helmet (worn)
 D - a +0 cloak (worn)
Jewellery
 c - a ring of willpower
 d - a ring of fire (left hand)
 v - a ring of protection from cold
 G - a +4 ring of slaying (right hand)
Wands
 k - a wand of iceblast (17)
 l - a wand of paralysis (8)
Scrolls
 h - a scroll of vulnerability
 n - a scroll of silence
 o - a scroll of enchant armour
 r - 6 scrolls of teleportation
 u - a scroll of magic mapping
 z - 3 scrolls of enchant weapon
 E - a scroll of torment
 F - 4 scrolls of blinking
 J - a scroll of fog
Potions
 a - 4 potions of heal wounds {unknown}
 f - 2 potions of invisibility {unknown}
 i - 5 potions of berserk rage {unknown}
 j - 2 potions of lignification {unknown}
 m - 3 potions of attraction {unknown}
 p - a potion of mutation {unknown}
 q - 2 potions of cancellation {unknown}
 s - 3 potions of ambrosia {unknown}
 w - 2 potions of curing {unknown}
 A - 5 potions of might {unknown}
 B - a potion of degeneration {unknown}
 C - a potion of brilliance {unknown}
 H - 4 potions of haste {unknown}
 I - a potion of resistance {unknown}
 K - a potion of magic {unknown}


   Skills:
 + Level 3.0 Fighting
 + Level 0.5(1.1) Short Blades
 + Level 1.3(1.4) Long Blades
 + Level 3.1 Armour
 + Level 4.2 Dodging
 + Level 3.7 Stealth
 + Level 11.0 Spellcasting


You had 6 spell levels left.
You knew the following spells:

 Your Spells              Type           Power      Damage    Failure   Level
a - Foxfire               Conj/Fire      100%       2x1d9     1%          1
b - Scorch                Fire           100%       2d10      1%          2
c - Conjure Flame         Conj/Fire      70%        6-21      1%          3
d - Inner Flame           Hex/Fire       70%        N/A       1%          3
e - Flame Wave            Conj/Fire      70%        3d12      1%          4
f - Sandblast             Erth           100%       2d20      1%          1
g - Blink                 Tloc           N/A        N/A       1%          2
h - Call Canine Familiar  Summ           53%        N/A       1%          3
i - Teleport Other        Tloc           53%        N/A       1%          3
j - Fulminant Prism       Conj/Hex       26%        3d14      1%          4
Your spell library was empty.

Dungeon Overview and Level Annotations

Branches:
Dungeon (8/15)             Temple (0/1) D:7         Ossuary (visited)
 Bailey (1/1)
   Lair: D:8-11

Altars:
Cheibriados
Dithmenos
Elyvilon
Hepliaklqana
Kikubaaqudgha
Makhleb
Qazlal
Sif Muna
Vehumet

Shops:
D:5 *   D:7 (


Innate Abilities, Weirdness & Mutations

Your life essence is reduced to manifest your ancestor. (-10% HP)
You are immune to sickness and miasma.
You are immune to poison.
Your flesh is very heat resistant. (rF++)
You are vulnerable to cold. (rC-)
You float through the air rather than walking.
You learn spells naturally, not from books.
Your magical power is your life essence.
You have superior vitality. (+4 HP)


Message History

Confirm with . or Enter, or press ? or * to list all spells.
Unknown command.
The orc knight hits your warg with a +0 glaive!
Your warg barely misses the orc knight.
Your warg bites the orc knight.
Your warg closely misses the orc knight.
There is a gate leading back out of this place here.
Aiming: Iceblast
Press: ? - help, Shift-Dir - straight line The mass of ice explodes!
The iceblast engulfs the orc knight!
The orc knight is heavily wounded.
The iceblast engulfs the orc warrior but does no damage.
The orc warrior is heavily wounded.
Your warg bites the orc knight but does no damage.
Unknown command.
Casting: Call Canine Familiar (safe; 1% risk of failure)
Confirm with . or Enter, or press ? or * to list all spells.
Aiming: Teleport Other (safe; 1% risk of failure)
Press: ? - help, Shift-Dir - straight line, f - orc knight
Aim: an orc knight, wielding a +0 glaive and wearing a +0 ring mail (heavily wounded, ally target, chance to affect: 68%)
The orc knight looks slightly unstable.
The orc warrior closely misses you.
Your warg bites the orc knight.
The orc knight hits you from afar with a +0 glaive!
Casting: Teleport Other (safe; 1% risk of failure)
Confirm with . or Enter, or press ? or * to list all spells.
Okay, then.
Casting: Teleport Other (safe; 1% risk of failure)
Confirm with . or Enter, or press ? or * to list all spells.
Aiming: Teleport Other (safe; 1% risk of failure)
Press: ? - help, Shift-Dir - straight line, f/p - orc knight
Aim: an orc knight, wielding a +0 glaive and wearing a +0 ring mail (heavily wounded, ally target, chance to affect: 68%)
The orc knight seems more stable. Ælfthryth emerges from the mists of memory!
Your warg bites the orc knight.
The orc warrior hits you from afar with a +0 halberd!!
* * * LOW HITPOINT WARNING * * *
The orc knight closely misses you.
Your warg bites the orc knight but does no damage.
The orc warrior hits you from afar with a +0 halberd!!
You die...

############ #
##.∩........## ##
#.....)))....######.
#.....).).).)#....#.
#∩.........)))..§.'.
#.....)).....#....#)
#..R.oh......######.
##.@.o......## ##
############ #


You could see the friendly Ælfthryth the hexer, an orc knight (ally target), an
orc warrior (strong) and a friendly warg (summoned).

Vanquished Creatures
  A two-headed ogre (D:7)
  A troll (D:6)
  A wraith (D:6)
  A vampire (D:8)
  A wyvern (D:8)
  An acid dragon (D:6)
  A water moccasin (D:5)
  A hornet zombie (Ossuary)
  2 orc warriors
  2 ice beasts (D:7)
  2 ogres
  2 centaurs
  A phantom (D:4)
  A bullfrog (D:7)
  2 gnoll sergeants
  3 scorpions (D:4)
  2 elf skeletons (D:7)
  A water moccasin zombie (Ossuary)
  A water moccasin skeleton (D:5)
  5 bullfrog zombies
  3 centaur zombies (Ossuary)
  A hound (D:7)
  A human zombie (D:7)
  A gnoll shaman (D:5)
  3 jellies
  A centaur skeleton (D:6)
  Terence (D:3)
  A scorpion zombie (D:5)
  Ijyb (D:3)
  Natasha (thrice) (D:4)
  An iguana (D:6)
  5 orc wizards
  2 human skeletons (D:7)
  A killer bee zombie (D:8)
  22 mummies
  3 howler monkey zombies (Ossuary)
  6 adders
  9 gnolls
  A shadow imp (D:6)
  2 white imps (D:5)
  An ufetubus (D:5)
  A worm (D:2)
  2 dart slugs
  33 orcs
  9 ball pythons
  6 endoplasms
  9 goblins
  5 hobgoblins
  13 jackals
  2 quokkas
  4 bats
  3 frilled lizards (D:2)
  7 kobolds
  An orc skeleton (D:7)
196 creatures vanquished.

Vanquished Creatures (collateral kills)
  A basilisk (D:6)
  5 orc warriors
  A sky beast (D:3)
  A phantom (D:7)
  3 wyvern zombies (Ossuary)
  A scorpion (D:6)
  A bullfrog zombie (Ossuary)
  2 centaur zombies
  An iguana (D:6)
  3 orc wizards
  2 killer bee zombies
  2 mummies (Ossuary)
  3 gnolls
  An adder (D:6)
  A worm (D:2)
  10 orcs (Bailey)
  A hobgoblin (D:2)
  A jackal (D:4)
40 creatures vanquished.

Vanquished Creatures (others)
  6 hexers
  2 ancestors (D:1)
  576 foxfires
  A withered plant (Ossuary)
585 creatures vanquished.

Grand Total: 821 creatures vanquished

Notes
Turn   | Place    | Note
-------+----------+-------------------------------------------
     0 | D:1      | robertstho the Djinni Fire Elementalist began the quest for
                  | the Orb.
     0 | D:1      | Reached XP level 1. HP: 15/15 MP: 0/0
   118 | D:1      | Found a faded altar of an unknown god.
   133 | D:1      | Became a worshipper of Hepliaklqana the Forgotten
   133 | D:1      | Reached * piety under Hepliaklqana
   467 | D:1      | Reached XP level 2. HP: 15/18 MP: 0/0
  1302 | D:2      | Reached ** piety under Hepliaklqana
  1315 | D:2      | Remembered your ancestor Ælfthryth as a hexer
  1420 | D:2      | Reached skill level 3 in Spellcasting
  1420 | D:2      | Reached XP level 3. HP: 16/22 MP: 0/0
  1420 | D:2      | Learned a level 1 spell: Sandblast
  2396 | D:2      | Reached XP level 4. HP: 21/27 MP: 0/0
  3016 | D:3      | Found a hazy altar of Hepliaklqana.
  3250 | D:3      | Noticed a sky beast
  3256 | D:3      | Killed a sky beast
  3257 | D:3      | Reached skill level 4 in Spellcasting
  3257 | D:3      | Reached XP level 5. HP: 26/31 MP: 0/0
  3257 | D:3      | Learned a level 2 spell: Blink
  3571 | D:3      | Noticed Ijyb
  3578 | D:3      | Killed Ijyb
  3579 | D:3      | Reached XP level 6. HP: 28/36 MP: 0/0
  3710 | D:3      | Noticed Terence
  3718 | D:3      | Killed Terence
  4205 | D:4      | Found a snail-covered altar of Cheibriados.
  4320 | D:4      | Noticed Natasha
  4329 | D:4      | Killed Natasha
  4446 | D:4      | Reached skill level 5 in Spellcasting
  4645 | D:4      | Reached XP level 7. HP: 31/41 MP: 0/0
  4645 | D:4      | Learned a level 3 spell: Call Canine Familiar
  4845 | D:4      | Noticed Natasha
  4851 | D:4      | Killed Natasha
  5004 | D:4      | Reached *** piety under Hepliaklqana
  5061 | D:4      | Noticed Natasha
  5067 | D:4      | Killed Natasha
  5228 | D:4      | Reached skill level 1 in Fighting
  5552 | D:5      | Entered Level 5 of the Dungeon
  5557 | D:5      | Reached skill level 6 in Spellcasting
  5557 | D:5      | Reached XP level 8. HP: 38/46 MP: 0/0
  6911 | D:5      | Reached skill level 7 in Spellcasting
  7066 | D:5      | Found Uholo's Serpentskin Sales.
  7507 | D:6      | Noticed a troll
  7513 | D:6      | Killed a troll
  7514 | D:6      | Reached XP level 9. HP: 43/51 MP: 0/0
  7514 | D:6      | Learned a level 3 spell: Teleport Other
  7657 | D:6      | Reached skill level 8 in Spellcasting
  7684 | D:6      | You are sucked into a shaft and drop 1 floor!
  7730 | D:7      | Found a staircase to the Ecumenical Temple.
  7772 | D:7      | Reached **** piety under Hepliaklqana
  7774 | D:7      | Found a stormy altar of Qazlal.
  7818 | D:7      | Noticed a two-headed ogre
  7825 | D:7      | Killed a two-headed ogre
  7831 | D:7      | Reached skill level 9 in Spellcasting
  7844 | D:7      | Found Qios's Antique Weapon Boutique.
  7847 | D:7      | Bought a smoking dagger for 196 gold pieces
  7847 | D:7      | Identified the +0 dagger "Bumoos" {vamp, Fly rPois Int-5
                  | Stlth+} (You bought it in a shop on level 7 of the Dungeon)
  7963 | D:7      | Reached skill level 1 in Armour
  7998 | D:7      | Found a sand-covered staircase.
  8004 | D:7      | Reached XP level 10. HP: 53/57 MP: 0/0
  8006 | Ossuary  | Entered an ossuary
  8193 | Ossuary  | Reached skill level 10 in Spellcasting
  8551 | D:7      | Found a shadowy altar of Dithmenos.
  8941 | D:6      | Found a burning altar of Makhleb.
  9472 | D:8      | Reached skill level 1 in Long Blades
  9629 | D:8      | Identified the +4 dagger "Ugipyefuwa" {drain, rF+ Stlth+}
  9753 | D:8      | Found a white marble altar of Elyvilon.
  9881 | D:8      | Found a flagged portal.
  9892 | Bailey   | Entered a bailey
  9968 | Bailey   | Reached XP level 11. HP: 59/63 MP: 0/0
  9968 | Bailey   | Learned a level 4 spell: Fulminant Prism
  9986 | Bailey   | Reached skill level 11 in Spellcasting
 10031 | Bailey   | Acquired 1075 gold pieces
 10039 | Bailey   | Noticed an orc knight
 10085 | Bailey   | Mangled by an orc warrior

Illustrated notes

Levels and vault maps discovered:
D:1:      dpeg_arrival_boxes_within_box, layout_loops_ring,
          hellmonk_ecumenical_altar_pennies_from_heaven
D:2:      layout_loops_ring
D:3:      layout_basic, mainiacjoe_overflow_brackets, uniq_terence, uniq_ijyb
D:4:      layout_loops_ring, palyth_temple_overflow_mages, slow_altar_1,
          serial_rivers, chequers_serial_rivers_micro_b,
          chequers_serial_rivers_room_a, chequers_serial_rivers_micro_c,
          chequers_serial_rivers_marsh, chequers_serial_rivers_small_3,
          uniq_natasha
D:5:      layout_basic, skrybe_limestone_x, minmay_misc_feat_plants,
          minivault_5, guppyfry_shop_venom
D:6:      layout_gridville, mainiacjoe_overflow_tiny_flanked, minmay_three_doors
D:7:      layout_rooms, grunt_dithmenos_shadows,
          nicolae_qazlal_scattered_showers, minmay_temple_entry_fiery,
          serial_shops, nicolae_shop_behind_doors,
          nicolae_ossuary_entry_catacombs, chequers_serial_rivers_micro_a
D:8:      layout_loops_ring, lemuel_tele_altar, enter_bailey_5,
          nzn_life_drinkers
Bailey:   bailey_polearm_5, bailey

Skill      XL: |  1  2  3  4  5  6  7  8  9 10 11 |
---------------+----------------------------------+-----
Spellcasting   | 3 4 5 6 7 9 10 11 | 11.0
Stealth        | 2 3 |  3.7
Dodging        | 3 4 |  4.2
Fighting       | 1 2 3 |  3.0
Armour         | 1 3 |  3.1
Long Blades    | 1 |  1.3
Short Blades   | |  0.5

Action                   |  1- 3 |  4- 6 |  7- 9 | 10-12 || total
-------------------------+-------+-------+-------+-------++-------
Melee: Short sword       |     4 |    10 |     2 |       ||    16
       Long sword        |       |       |    13 |    20 ||    33
 Cast: Foxfire           |    76 |    60 |    83 |   129 ||   348
       Scorch            |     5 |    33 |   106 |   107 ||   251
       Call Canine Famil |       |       |       |     5 ||     5
       Flame Wave        |       |       |       |     2 ||     2
       Teleport Other    |       |       |       |     3 ||     3
Invok: Ancestor Life: He |     1 |       |       |       ||     1
Evoke: Wand              |       |       |       |     1 ||     1
  Use: Scroll            |       |       |     5 |     6 ||    11
 Stab: Sleeping          |       |     1 |     2 |     1 ||     4
Armor: Robe              |     2 |     6 |     5 |       ||    13
       Troll leather arm |       |       |     4 |    17 ||    21
Dodge: Dodged            |    10 |    16 |    58 |    55 ||   139

Table legend: (Time is in decaauts)
 A = Elapsed time spent in this place.
 B = Non-inter-level travel time spent in this place.
 C = Inter-level travel time spent in this place.
 D = Time resting spent in this place.
 E = Time spent auto-exploring this place.
 F = Levels seen in this place.
 G = Mean time per level.
                   A        B        C        D        E       F      G
               +--------+--------+--------+--------+--------+-----+--------+
         Total |  10094 |   9883 |    211 |      0 |   8351 |  10 | 1009.4 |
       Dungeon |   9546 |   9335 |    211 |      0 |   8124 |   8 | 1193.2 |
       Ossuary |    354 |    354 |      0 |      0 |    165 |   1 |  354.0 |
        Bailey |    192 |    192 |      0 |      0 |     62 |   1 |  192.0 |
               +--------+--------+--------+--------+--------+-----+--------+

Top non-repeatable levels by time:
     D:5: 1842 daAuts
     D:2: 1737 daAuts
     D:4: 1672 daAuts
     D:1: 1120 daAuts
     D:6: 1032 daAuts
     D:3: 1021 daAuts
     D:7: 643 daAuts
     D:8: 476 daAuts
 Ossuary: 354 daAuts
  Bailey: 192 daAuts
